 Dungeon Crawl Stone Soup version 0.30.1-3-gfc49f6343a (webtiles) character file.

Game seed: 10652321748814770853

4909 Babbit the Cleaver (level 10, -11/90 HPs)
             Began as a Minotaur Fighter on Aug 2, 2023.
             Was a Priest of Okawaru.
             Killed from afar by Erica (23 damage)
             ... with a bolt of poison
             ... on level 8 of the Dungeon on Aug 3, 2023.
             The game lasted 00:37:21 (6930 turns).

Babbit the Cleaver (Minotaur Fighter)               Turns: 6930, Time: 00:37:22

Health: -11/90     AC:  9    Str: 31    XL:     10   Next: 27%
Magic:  11/11      EV:  9    Int:  5    God:    Okawaru [***...]
Gold:   408        SH: 15    Dex: 10    Spells: 9/9 levels left

rFire   x . .        a - +0 war axe
rCold   + . .        k - +0 kite shield
rNeg    . . .        b - +0 scale mail
rPois   .            (helmet restricted)
rElec   .            (no cloak)
rCorr   .            E - +0 pair of gloves
SInv    .            (no boots)
Will    .....        s - amulet of reflection Stlth
                     l - +6 ring of strength
HPRegen 0.35/turn    A - ring of ice
MPRegen 0.12/turn

%: reflection
@: brilliant, lethally poisoned (-11 -> -23), flying
A: horns 2, retaliatory headbutt
a: Renounce Religion, Heroism


You were on level 8 of the Dungeon.
You worshipped Okawaru.
Okawaru was most pleased with you.
You visited 2 branches of the dungeon, and saw 9 of its levels.
You also visited: Sewer.

You collected 538 gold pieces.
You spent 130 gold pieces at shops.

Inventory:

Hand Weapons
 a - a +0 war axe (weapon)
Missiles
 m - 13 poisoned darts
Armour
 b - a +0 scale mail (worn)
 d - a +0 troll leather armour {Pargi}
 k - a +0 kite shield (worn)
 E - a +0 pair of gloves (worn)
Jewellery
 l - a +6 ring of strength (left hand)
 s - an amulet of reflection (around neck)
 A - a ring of ice (right hand)
Wands
 c - a wand of flame (13)
 g - a wand of iceblast (10) (quivered)
Scrolls
 f - a scroll of blinking
 i - 8 scrolls of teleportation
 j - 6 scrolls of fear
 o - 2 scrolls of amnesia
 r - a scroll of immolation {unknown}
 v - a scroll of summoning {unknown}
 w - a scroll of fog
 y - a scroll of magic mapping {unknown}
 z - a scroll of enchant weapon {unknown}
 B - a scroll of poison {unknown}
Potions
 n - a potion of attraction {unknown}
 t - a potion of berserk rage {unknown}
 x - a potion of cancellation
 D - a potion of lignification {unknown}


   Skills:
 + Level 8.4 Fighting
 * Level 10.7 Axes
 - Level 5.0 Throwing
 + Level 8.2 Armour
 + Level 8.3 Shields
 + Level 3.1 Invocations


You had 9 spell levels left.
You didn't know any spells.
Your spell library contained the following spells:

 Spells                   Type           Power      Damage    Failure   Level
 Beastly Appendage        Tmut           0%         N/A       85%         1
 Scorch                   Fire           0%         2d5       94%         2
 Wereblood                Tmut           0%         N/A       94%         2
 Gell's Gravitas          Tloc           0%         N/A       99%         3
 Spider Form              Tmut/Pois      0%         N/A       99%         3
 Teleport Other           Tloc           0%         N/A       99%         3
 Flame Wave               Conj/Fire      0%         2d4       100%        4
 Borgnjor's Vile Clutch   Necr/Erth      0%         N/A       100%        5
 Dispersal                Tloc           0%         N/A       100%        6
 Animate Dead             Necr           Unusable   N/A       N/A         4
 Death Channel            Necr           Unusable   N/A       N/A         6
 Summon Cactus Giant      Summ           Unusable   N/A       N/A         6

Dungeon Overview and Level Annotations

Branches:
Dungeon (8/15)             Temple (1/1) D:7           Sewer (visited)
   Lair: D:8-11

Altars:
Ashenzari
Cheibriados
Dithmenos
Fedhas
Hepliaklqana
Kikubaaqudgha
Makhleb
Nemelex Xobeh
Okawaru
Qazlal
Ru
Sif Muna
Uskayaw
Vehumet
Wu Jian
Xom
Yredelemnul
Zin
The Shining One

Shops:
D:4 !

Annotations:
D:8 Erica


Innate Abilities, Weirdness & Mutations

You have a pair of horns on your head.
You reflexively headbutt those who attack you in melee.


Message History

You are poisoned.
Aiming: Iceblast
Press: ? - help, Q - select action, (/) - cycle Shift-Dir - straight line, f - you That beam is likely to hit you.
Continue anyway? [Y]es or [N]o only, please.
That beam is likely to hit you.
Continue anyway? [Y]es or [N]o only, please.
That beam is likely to hit you.
Continue anyway? [Y]es or [N]o only, please.
That beam is likely to hit you.
Continue anyway?
Okay, then.
You miss something.
You feel very sick. Something hits you. Something burns you.
You closely miss something. You headbutt something.
You feel very sick.
You hear some strange, mumbled words.
A bolt of poison appears from out of thin air!
The bolt of poison misses you.
You miss something. You headbutt something.
You feel sick. Something hits you!
* * * LOW HITPOINT WARNING * * *
Something burns you.
* * * LOW HITPOINT WARNING * * *
It was a potion of cancellation.
You feel magically purged.
You feel sick. Something hits you.
* * * LOW HITPOINT WARNING * * *
Something burns you.
* * * LOW HITPOINT WARNING * * *
It was a potion of brilliance.
You feel clever all of a sudden.
You feel sick. Something hits you but does no damage.
It was a potion of flight.
You feel very buoyant.
You fly up into the air.
You feel sick. Something hits you but does no damage.
You barely miss something.
You feel sick.
You hear some strange, mumbled words.
A bolt of poison appears from out of thin air!
The bolt of poison hits you!!
You are lethally poisoned!
You die...

.# .# #.....# .#
##...?.# ### .#
#......##... ##
#......#..
##...[.... #.......#
#....{..# #@# # #.#
# ######.# #
#......# ##
##(#..#.# .#
##..#.##.# .###
##..#..##.#
...#####..##.###.#
...).รทรท...........


There were no monsters in sight!

Vanquished Creatures
  Maurice (D:8)
  Joseph (D:7)
  Sigmund (D:6)
  10 yaks (D:8)
  2 humans (D:7)
  Grum (D:8)
  A steam dragon (D:5)
  2 water moccasins
  Pargi (Sewer)
  2 black bears (D:6)
  An ogre (D:5)
  3 wolves (D:8)
  Blork the orc (D:5)
  A phantom (D:6)
  A kobold brigand (D:7)
  2 scorpions
  A gnoll sergeant (D:6)
  4 wights (D:8)
  An electric eel (D:6)
  A howler monkey (D:6)
  2 jellies
  An orc priest (D:7)
  3 hounds
  3 sleepcaps
  2 iguanas (D:6)
  3 orc wizards
  Robin (D:2)
  13 adders
  7 gnolls
  2 river rats (D:5)
  2 shadow imps
  3 ufetubi
  3 worms (D:5)
  3 dart slugs
  13 orcs
  5 endoplasms
  11 hobgoblins
  9 kobolds
  2 quokkas
  5 ball pythons
  5 bats
  10 frilled lizards
  13 goblins
  4 rats
163 creatures vanquished.

Notes
Turn   | Place    | Note
-------+----------+-------------------------------------------
     0 | D:1      | Babbit the Minotaur Fighter began the quest for the Orb.
     0 | D:1      | Reached XP level 1. HP: 19/19 MP: 0/0
   239 | D:1      | Reached XP level 2. HP: 27/27 MP: 1/1
   779 | D:1      | Reached skill level 3 in Axes
   876 | D:2      | Noticed a scorpion
   885 | D:2      | Killed a scorpion
   886 | D:2      | Reached XP level 3. HP: 22/33 MP: 2/2
   886 | D:2      | Reached XP level 4. HP: 26/40 MP: 3/3
  1088 | D:2      | Noticed Robin
  1122 | D:2      | Reached skill level 4 in Axes
  1124 | D:2      | Killed Robin
  1184 | D:2      | Reached XP level 5. HP: 46/47 MP: 4/4
  1506 | D:3      | Found a burning altar of Makhleb.
  2124 | D:4      | Reached skill level 5 in Axes
  2129 | D:4      | Reached skill level 5 in Shields
  2129 | D:4      | Reached XP level 6. HP: 29/55 MP: 5/5
  2293 | D:4      | Reached skill level 5 in Fighting
  2293 | D:4      | Reached skill level 5 in Armour
  2399 | D:4      | Found Jad Doun's Distillery.
  2409 | D:4      | Bought a potion of might for 52 gold pieces
  2409 | D:4      | Bought a potion of curing for 39 gold pieces
  2409 | D:4      | Bought a potion of curing for 39 gold pieces
  2561 | D:4      | Found a hide-covered altar of Uskayaw.
  2749 | D:4      | Reached skill level 6 in Axes
  2749 | D:4      | Reached XP level 7. HP: 56/61 MP: 6/6
  2800 | D:5      | Entered Level 5 of the Dungeon
  2822 | D:5      | Noticed Blork the orc
  2831 | D:5      | Noticed a steam dragon
  2837 | D:5      | Killed Blork the orc
  2838 | D:5      | Reached skill level 1 in Throwing
  3015 | D:5      | Killed a steam dragon
  3410 | D:5      | Found a glowing drain.
  3418 | Sewer    | Entered a sewer
  3466 | Sewer    | Noticed Pargi
  3474 | Sewer    | Killed Pargi
  3475 | Sewer    | Reached skill level 7 in Axes
  3475 | Sewer    | Reached XP level 8. HP: 70/70 MP: 7/7
  3801 | D:6      | Found a shadowy altar of Dithmenos.
  3934 | D:6      | Found an ornate altar of the Wu Jian Council.
  3957 | D:6      | Noticed Sigmund
  3962 | D:6      | Killed Sigmund
  4317 | D:6      | Found a hazy altar of Hepliaklqana.
  4380 | D:6      | Reached skill level 8 in Axes
  4921 | D:7      | Found a staircase to the Ecumenical Temple.
  4959 | Temple   | Entered the Ecumenical Temple
  5172 | D:7      | Found a glowing golden altar of the Shining One.
  5387 | D:7      | Found a blossoming altar of Fedhas.
  5587 | D:7      | Found an iron altar of Okawaru.
  5601 | D:7      | Reached XP level 9. HP: 71/78 MP: 8/8
  5626 | D:7      | Became a worshipper of Warmaster Okawaru
  5772 | D:7      | Found a sparkling altar of Nemelex Xobeh.
  5860 | D:7      | Noticed Joseph
  5868 | D:7      | Killed Joseph
  5869 | D:7      | Reached skill level 9 in Axes
  5869 | D:7      | Reached skill level 5 in Throwing
  6150 | D:8      | Noticed Maurice
  6159 | D:8      | Reached * piety under Okawaru
  6188 | D:8      | Killed Maurice
  6189 | D:8      | Reached skill level 1 in Invocations
  6428 | D:8      | Noticed Grum
  6442 | D:8      | Killed Grum
  6639 | D:8      | Reached ** piety under Okawaru
  6646 | D:8      | Reached skill level 10 in Axes
  6663 | D:8      | Reached XP level 10. HP: 47/88 MP: 8/10
  6680 | D:8      | Reached *** piety under Okawaru
  6915 | D:8      | Noticed Erica
  6930 | D:8      | Killed from afar by Erica

Illustrated notes

Levels and vault maps discovered:
D:1:      onia_arrival_mini_maze_b, layout_basic
D:2:      layout_rooms, st_stairs_10, uniq_robin
D:3:      layout_loops_ring, mainiacjoe_overflow_small_starburst
D:4:      layout_cave_pools, eat_drink_and_be_merry_uskayaw, serial_shops, shop,
          cheibrodos_gnoll_hut
D:5:      layout_rooms, lightli_sewer_entry_pipes, minmay_misc_feat_columns,
          kennysheep_doodads, uniq_blork_the_orc
D:6:      layout_gridville, mainiacjoe_overflow_six_doors_small,
          mainiacjoe_overflow_brackets, lemuel_tele_altar,
          kennysheep_big_empty_room, minmay_misc_feat_tower,
          hangedman_decor_diamond_cutter, uniq_sigmund
D:7:      layout_rooms, nicolae_tso_carved_into_rock, mainiacjoe_overflow_paths,
          okawaru_humans, mainiacjoe_overflow_surrounded_room,
          minmay_temple_entry_junction, feat_on_display, uniq_joseph
D:8:      layout_rooms, gammafunk_temple_overflow_elements, uniq_erica,
          uniq_amaemon, uniq_maurice, uniq_grum
Temple:   hellmonk_temple_flake

Skill      XL: |  1  2  3  4  5  6  7  8  9 10 |
---------------+-------------------------------+-----
Shields        | 4 5 6 8 |  8.3
Axes           | 3 4 5 6 7 8 10 | 10.7
Fighting       | 4 5 6 8 |  8.4
Armour         | 4 5 6 7 8 |  8.2
Throwing       | 2 4 5 |  5.0
Invocations    | 2 3 |  3.1

Action                     |  1- 3 |  4- 6 |  7- 9 | 10-12 || total
---------------------------+-------+-------+-------+-------++-------
  Melee: War axe           |    48 |   139 |   302 |    42 ||   531
         Headbutt          |     6 |    18 |    45 |    12 ||    81
  Throw: Dart              |       |     2 |    10 |    13 ||    25
 Invoke: Heroism           |       |       |     1 |       ||     1
    Use: Scroll            |     4 |     2 |     5 |       ||    11
         Potion            |       |     2 |    12 |     3 ||    17
 Armour: Scale mail        |    24 |    54 |    58 |     3 ||   139
  Dodge: Dodged            |    22 |    44 |    56 |    10 ||   132
  Block: Buckler           |    14 |       |       |       ||    14
         Kite shield       |     3 |    81 |   198 |    13 ||   295
         Reflection        |       |     1 |     6 |       ||     7
